 Dungeon Crawl Stone Soup version 0.28.0-43-g3370ac3207 (webtiles) character file.

Game seed: 11509116453549685117

19882 pkoi the Destroyer (level 12, -33/100 HPs)
             Began as a Demigod Conjurer on Mar 23, 2022.
             Annihilated by a boulder beetle (56 damage)
             ... on level 3 of the Lair of Beasts.
             The game lasted 00:27:52 (21414 turns).

pkoi the Destroyer (Demigod Conjurer)              Turns: 21414, Time: 00:27:52

Health: -33/100    AC:  6    Str:  8    XL:     12   Next: 12%
Magic:  2/25       EV: 30    Int: 42    God:
Gold:   535        SH:  0    Dex: 18    Spells: 10/23 levels left

rFire   . . .      SeeInvis .   q - +3 dagger (venom)
rCold   . . .      Faith    .   (no shield)
rNeg    . . .      Spirit   .   t - +2 robe {Will+}
rPois   .          Reflect  .   (no helmet)
rElec   .          Harm     .   w - +1 cloak
rCorr   .          Rampage  .   (no gloves)
Will    ++...                   (no boots)
Stlth   ++........              c - amulet of the acrobat
HPRegen 0.26/turn               m - +6 ring of intelligence
MPRegen 0.19/turn               E - +6 ring of dexterity

@: acrobatic
A: high MP 1, forlorn, divine attributes
a: no special abilities


You were on level 3 of the Lair of Beasts.
You visited 3 branches of the dungeon, and saw 13 of its levels.

You collected 535 gold pieces.

Inventory:

Hand Weapons
 n - a +0 short sword
 o - a +2 short sword of venom
 q - a +3 dagger of venom (weapon)
Missiles
 i - 3 throwing nets
Armour
 a - a +0 robe
 t - a +2 robe of willpower (worn)
 u - the +1 leather armour "Ydghiluh" {Will+}
   (You found it on level 3 of the Dungeon)

   Will:      It increases your willpower.
 w - a +1 cloak (worn)
Jewellery
 c - an amulet of the acrobat (around neck)
 k - a ring of ice
 m - a +6 ring of intelligence (left hand)
 E - a +6 ring of dexterity (right hand)
 F - a ring of flight
Wands
 p - a wand of paralysis (7)
 y - a wand of polymorph (2)
 C - a wand of acid (6)
 D - a wand of charming (6)
 J - a wand of iceblast (1)
Scrolls
 e - a scroll of fog
 r - 3 scrolls of teleportation
 x - a scroll of fear
 G - 3 scrolls of identify
Potions
 b - 2 potions of flight {unknown}
 d - a potion of might
 f - a potion of ambrosia
 h - 2 potions of magic
 j - 3 potions of haste
 l - 5 potions of curing
 s - a potion of invisibility
 v - a potion of brilliance
 z - 3 potions of cancellation
 A - a potion of heal wounds {unknown}
 B - a potion of berserk rage {unknown}


   Skills:
 + Level 7.5 Fighting
 - Level 4.4 Armour
 + Level 6.1 Dodging
 - Level 1.7 Stealth
 - Level 6.0 Spellcasting
 + Level 10.2 Conjurations
 + Level 7.1 Hexes
 + Level 8.6 Translocations


You had 10 spell levels left.
You knew the following spells:

 Your Spells              Type           Power      Damage    Failure   Level
a - Magic Dart            Conj           100%       1d8       1%          1
b - Searing Ray           Conj           100%       2d8       1%          2
c - Iskenderun's Mystic   Conj/Tloc      75%        2d15      1%          4
d - Fulminant Prism       Conj/Hex       35%        3d18      1%          4
e - Blink                 Tloc           100%       N/A       1%          2

Your spell library contained the following spells:

 Spells                   Type           Power      Damage    Failure   Level
 Dazzling Flash           Conj/Hex       100%       N/A       1%          3
 Manifold Assault         Tloc           71%        N/A       1%          5
 Lee's Rapid Deconstruct  Erth           6%         3d7*      54%         5
 Storm Form               Tmut/Air       6%         N/A       100%        7
 Chain Lightning          Conj/Air       26%        3d35      100%        9
 Fire Storm               Conj/Fire      26%        8d7       100%        9
 Shatter                  Erth           6%         3d9*      100%        9


Dungeon Overview and Level Annotations

Branches:
Dungeon (9/15)             Temple (1/1) D:5            Lair (3/6) D:8
 Spider (0/4) Lair:2
  Swamp: Lair:2-4    Shoals: Lair:2-4       Orc: D:9-12

Shops:
D:5 ?=


Innate Abilities, Weirdness & Mutations

You have an increased reservoir of magic. (+10% MP)
You shall have no god before yourself.
Your divine heritage dramatically boosts your attributes as you level up.


Message History

The mystic blast hits the boulder beetle!!
The boulder beetle is severely wounded.
The boulder beetle is knocked back by the mystic blast.
The boulder beetle slams into the rock wall!
Casting: Iskenderun's Mystic Blast (mildly dangerous; 1% risk of failure)
Confirm with . or Enter, or press ? or * to list all spells.
You erupt in a blast of force!
The mystic blast hits the elephant but does no damage.
The elephant is moderately wounded.
The mystic blast hits the elephant!
The elephant is moderately wounded.
The elephant is knocked back by the mystic blast.
The mystic blast hits the boulder beetle but does no damage.
The boulder beetle is severely wounded.
The boulder beetle bites you!!
* * * LOW HITPOINT WARNING * * *
A water moccasin comes into view.
The elephant completely misses you. The elephant trunk-slaps you.
* * * LOW HITPOINT WARNING * * *
The boulder beetle curls into a ball and begins rolling!
The water moccasin moves out of view.
Casting: Iskenderun's Mystic Blast (mildly dangerous; 1% risk of failure)
Confirm with . or Enter, or press ? or * to list all spells.
You erupt in a blast of force!
The mystic blast hits the boulder beetle but does no damage.
The boulder beetle is severely wounded.
The mystic blast hits the elephant but does no damage.
The elephant is moderately wounded.
The mystic blast hits the elephant.
The elephant is heavily wounded.
The elephant is knocked back by the mystic blast.
The elephant slams into the rock wall!
The elephant is heavily wounded.
You hear a croak.
The elephant barely misses you.
The elephant trunk-slaps you but does no damage.
The elephant misses you. The elephant closely misses you.
The boulder beetle hits you!!!
Ouch! That really hurt!
You die...

.........###..○
........##P..#
........##..P# .#
....†...#....#####.#
.........†....#.#...
.......Y.†.........#
.......#.#.........#
...†..####Y......##.
.....# #.°@Y.......
...Y# #..B.......#
.... #............
#Y# #............ .#
#P............
##............
#...........##
###....##...# ##.###
##.#


You could see a boulder beetle (rolling) and 2 elephants.

Vanquished Creatures
  3 hydras (Lair:2)
  2 two-headed ogres (D:9)
  Pikel (D:5)
  9 elephants (Lair:2)
  Joseph (D:7)
  A black mamba (Lair:2)
  3 cane toads
  2 rime drakes
  2 komodo dragons
  A kobold demonologist (D:9)
  A polar bear (Lair:2)
  3 blink frogs (Lair:2)
  2 jumping spiders (Lair:2)
  Sigmund (D:4)
  2 wyverns
  15 yaks
  A culicivora (Lair:2)
  Eustachio (D:5)
  A basilisk (Lair:1)
  2 steam dragons
  2 wargs (D:8)
  An acid dragon (D:9)
  4 water moccasins
  2 orc warriors
  3 black bears
  4 necrophages
  15 wolves
  2 ogres
  2 centaurs
  2 lemures (D:5)
  8 kobold brigands
  4 bullfrogs
  Blork the orc (D:4)
  3 gnoll sergeants
  2 wyvern zombies
  3 scorpions (D:4)
  A wyvern skeleton (D:6)
  3 killer bees (D:9)
  9 wights
  3 howler monkeys (D:8)
  4 hounds
  A jelly (D:7)
  2 bullfrog skeletons
  Crazy Yiuf (D:2)
  4 orc priests
  A bullfrog zombie (D:5)
  Ijyb (D:4)
  3 iguanas
  8 orc wizards
  A howler monkey zombie (D:9)
  23 gnolls
  9 adders
  2 ufetubi
  A worm (D:2)
  2 dart slugs (D:5)
  25 orcs
  11 endoplasms
  5 giant cockroaches
  7 goblins
  7 hobgoblins
  9 jackals
  27 kobolds
  4 quokkas
  8 ball pythons
  6 bats
  4 frilled lizards
  2 kobold zombies (D:7)
  A quokka skeleton (D:4)
  4 rats
  A rat zombie (D:7)
  A fulminant prism (Lair:2)
313 creatures vanquished.

Vanquished Creatures (others)
  53 fulminant prisms
  14 fungi
  20 plants
87 creatures vanquished.

Grand Total: 400 creatures vanquished

Notes
Turn   | Place    | Note
-------+----------+-------------------------------------------
     0 | D:1      | pkoi the Demigod Conjurer began the quest for the Orb.
     0 | D:1      | Reached XP level 1. HP: 14/14 MP: 5/5
   546 | D:1      | Reached XP level 2. HP: 20/20 MP: 2/7
   547 | D:1      | Reached skill level 4 in Conjurations
  1316 | D:2      | Reached XP level 3. HP: 17/26 MP: 0/9
  2650 | D:2      | Found a runed translucent door.
  2651 | D:2      | Noticed Crazy Yiuf
  2748 | D:2      | You fall into a shaft and drop 2 floors!
  2748 | D:4      | Noticed a scorpion
  2764 | D:4      | Noticed Blork the orc
  2779 | D:4      | Killed a scorpion
  2780 | D:4      | Reached skill level 5 in Conjurations
  2780 | D:4      | Reached XP level 4. HP: 8/33 MP: 2/11
  2908 | D:4      | Learned a level 2 spell: Searing Ray
  2913 | D:4      | Learned a level 4 spell: Iskenderun's Mystic Blast
  2931 | D:4      | Killed Blork the orc
  2932 | D:4      | Reached skill level 1 in Translocations
  2932 | D:4      | Reached XP level 5. HP: 17/38 MP: 3/12
  3296 | D:4      | Noticed Ijyb
  3304 | D:4      | Paralysed by Ijyb for 3 turns
  3315 | D:4      | Killed Ijyb
  3848 | D:4      | Reached XP level 6. HP: 32/45 MP: 6/13
  3949 | D:4      | Learned a level 2 spell: Blink
  4102 | D:4      | Noticed Sigmund
  4110 | D:4      | Killed Sigmund
  4111 | D:4      | Reached skill level 6 in Conjurations
  4972 | D:3      | Identified the +1 leather armour "Ydghiluh" {Will+}
  5249 | D:3      | Reached XP level 7. HP: 50/50 MP: 6/15
  6018 | D:2      | Killed Crazy Yiuf
  6219 | D:5      | Entered Level 5 of the Dungeon
  6618 | D:5      | Reached skill level 1 in Fighting
  6618 | D:5      | Reached skill level 1 in Armour
  6662 | D:5      | Found Libuck's Magic Scroll Shoppe.
  7064 | D:5      | Reached skill level 7 in Conjurations
  7064 | D:5      | Reached XP level 8. HP: 60/60 MP: 7/17
  7498 | D:5      | Learned a level 4 spell: Fulminant Prism
  7498 | D:5      | Found Ciduoh's Jewellery Shop.
  7654 | D:5      | Noticed Pikel
  7713 | D:5      | Killed Pikel
  7714 | D:5      | Reached skill level 1 in Hexes
  7714 | D:5      | Reached skill level 5 in Translocations
  8111 | D:5      | Found a staircase to the Ecumenical Temple.
  8111 | D:5      | Noticed Eustachio
  8122 | D:5      | Killed Eustachio
  8214 | Temple   | Entered the Ecumenical Temple
  9287 | D:6      | Reached XP level 9. HP: 70/70 MP: 14/19
 10324 | D:7      | Found a sand-covered staircase.
 10649 | D:7      | Noticed Joseph
 10653 | D:7      | Reached skill level 5 in Spellcasting
 10656 | D:7      | Reached skill level 8 in Conjurations
 10675 | D:7      | Killed Joseph
 12841 | D:8      | Reached XP level 10. HP: 70/80 MP: 11/21
 12949 | D:8      | Found a staircase to the Lair.
 13680 | D:8      | Reached skill level 5 in Fighting
 15344 | D:9      | Noticed a two-headed ogre
 15351 | D:9      | Killed a two-headed ogre
 15352 | D:9      | Reached skill level 5 in Hexes
 15978 | D:9      | Noticed a two-headed ogre
 15985 | D:9      | Killed a two-headed ogre
 15986 | D:9      | Reached skill level 9 in Conjurations
 16391 | Lair:1   | Entered Level 1 of the Lair of Beasts
 16485 | Lair:1   | Reached XP level 11. HP: 89/89 MP: 15/24
 18133 | Lair:2   | Noticed a seven-headed hydra
 18307 | Lair:2   | Noticed a four-headed hydra
 18664 | Lair:2   | Killed a seven-headed hydra
 19002 | Lair:2   | Reached skill level 5 in Dodging
 19770 | Lair:2   | Killed a four-headed hydra
 20557 | Lair:2   | Reached skill level 10 in Conjurations
 20731 | Lair:2   | Reached XP level 12. HP: 84/100 MP: 6/25
 20939 | Lair:2   | Noticed a six-headed hydra
 20946 | Lair:2   | Killed a six-headed hydra
 21142 | Lair:2   | Found a hole to the Spider Nest.
 21401 | Lair:3   | Noticed a boulder beetle
 21414 | Lair:3   | Annihilated by a boulder beetle

Illustrated notes

Levels and vault maps discovered:
D:1:      dpeg_arrival_refuge, layout_basic
D:2:      minmay_angry_zag, layout_rooms, hangedman_decor_push,
          uniq_crazy_yiuf_cottage, uniq_jessica
D:3:      layout_basic, st_stairs_10
D:4:      layout_loops_cross, nicolae_uskayaw_murder_on_the_dancefloor,
          mainiacjoe_overflow_catch_the_wave, uniq_sigmund, uniq_blork_the_orc,
          uniq_ijyb
D:5:      layout_basic, temple_green, serial_shops, shop, shop, uniq_eustachio,
          uniq_pikel
D:6:      layout_cave_pools
D:7:      layout_layer_cave, enter_ossuary_3, uniq_joseph
D:8:      layout_loops_ring, erik_lair_orcish_takeover
D:9:      layout_rooms
Temple:   regret_index_temple_mists
Lair:1:   layout_layer_cave, serial_bayou_shore_b
Lair:2:   layout_regular_city, spider_nest_entry_funnel_web,
          gauntlet_entry_generic, serial_bayou_crossing, grunt_megastairs_4
Lair:3:   layout_cave_pods, portal_ice_cave_entry_ice_simulacra,
          gammafunk_ghost_grave, uniq_snorg

Skill      XL: |  1  2  3  4  5  6  7  8  9 10 11 12 |
---------------+-------------------------------------+-----
Spellcasting   | 2 3 4 5 6 |  6.0
Conjurations   | 4 5 6 7 8 9 10 | 10.2
Translocations | 1 2 3 4 5 6 7 8 |  8.6
Fighting       | 1 3 4 5 7 |  7.5
Armour         | 1 3 4 |  4.4
Hexes          | 2 3 5 6 7 |  7.1
Dodging        | 2 4 5 6 |  6.1
Stealth        | |  1.7

Action                   |  1- 3 |  4- 6 |  7- 9 | 10-12 || total
-------------------------+-------+-------+-------+-------++-------
Melee: Short sword       |    11 |     6 |       |       ||    17
       Unarmed           |     3 |       |       |       ||     3
       Dagger            |       |     3 |    42 |    25 ||    70
       Punch             |       |       |     1 |       ||     1
 Cast: Magic Dart        |   106 |    86 |   175 |    93 ||   460
       Searing Ray       |       |     3 |    35 |     3 ||    41
       Iskenderun's Myst |       |       |    16 |    97 ||   113
       Fulminant Prism   |       |       |     8 |    46 ||    54
       Blink             |       |       |     1 |       ||     1
  Use: Scroll            |     3 |       |    14 |     4 ||    21
       Potion            |       |     1 |       |       ||     1
 Stab: Sleeping          |     1 |       |       |       ||     1
Armor: Robe              |    13 |     3 |     4 |    17 ||    37
       Leather armour    |       |       |    24 |       ||    24
Dodge: Dodged            |    22 |    16 |   100 |    80 ||   218
